 Dungeon Crawl Stone Soup version 0.25.1-8-g42b30a86e7 (webtiles) character file.

Game seed: 14640501543613722817

7274 Erymatos the Cleaver (level 10, -2/91 HPs)
             Began as a Minotaur Berserker on Nov 30, 2020.
             Was a High Priest of Trog.
             Slain by an orc warrior
             ... wielding a +0 short sword
              (8 damage)
             ... on level 10 of the Dungeon.
             The game lasted 00:12:04 (8635 turns).

Erymatos the Cleaver (Minotaur Berserker)           Turns: 8635, Time: 00:12:04

Health: -2/91      AC: 16    Str: 31    XL:     10   Next: 89%
Magic:  9/9        EV: 10    Int:  4    God:    Trog [*****.]
Gold:   645        SH:  0    Dex: 16    Spells: 9/9 levels left

rFire    . . .     SeeInvis .   M - +0 hand axe (vorpal)
rCold    . . .     Gourm    .   (no shield)
rNeg     . . .     Faith    .   H - +0 plate armour
rPois    .         Spirit   .   (helmet restricted)
rElec    .         Reflect  .   t - +0 cloak
rCorr    .         Harm     .   (no gloves)
MR       .....                  (no boots)
Stlth    ..........             (no amulet)
HPRegen  0.25/turn              n - +6 ring of dexterity
MPRegen  0.11/turn              P - +6 ring of strength

@: berserk cooldown, slowed, very slow
A: retaliatory headbutt, horns 2
a: Berserk, Trog's Hand, Brothers in Arms, Renounce Religion


You were on level 10 of the Dungeon.
You worshipped Trog.
Trog was extremely pleased with you.
You were near starving.

You visited 1 branch of the dungeon, and saw 10 of its levels.

You collected 645 gold pieces.

Inventory:

Hand Weapons
 a - a +0 hand axe
 o - a +2 war axe of venom
 s - a +1 hand axe of electrocution
 w - a +2 vampiric hand axe
 J - a +6 dire flail
 K - the cursed +3 great mace of Might {protect, rElec Str+4 Dex-4}
   (You took it off a two-headed ogre on level 6 of the Dungeon)

   It grants its wielder temporary protection when it strikes (+7 to AC).
   It affects your strength (+4).
   It affects your dexterity (-4).
   It insulates you from electricity.
   It has a curse placed upon it.
 M - a +0 vorpal hand axe (weapon)
 R - a +1 morningstar of flaming
Armour
 t - a +0 cloak (worn)
 H - a +0 plate armour (worn)
 L - the +3 ring mail of the Swamp {rN+}
   (You found it on level 7 of the Dungeon)

   It protects you from negative energy.
 S - +0 swamp dragon scales
Jewellery
 d - an uncursed ring of resist corrosion {unknown}
 n - a +6 ring of dexterity (left hand)
 P - a +6 ring of strength (right hand)
Wands
 l - a wand of disintegration (18)
 G - a wand of paralysis (11)
 N - a wand of iceblast (7)
 Q - a wand of digging (7)
 T - a wand of flame (38)
Scrolls
 b - a scroll of holy word {unknown}
 e - 11 scrolls of identify {unknown}
 f - 3 scrolls of enchant armour {unknown}
 g - 2 scrolls of fog {unknown}
 h - 11 scrolls of teleportation {unknown}
 j - a scroll of immolation {unknown}
 p - 2 scrolls of amnesia {unknown}
 v - a scroll of silence {unknown}
 y - 2 scrolls of enchant weapon {unknown}
 z - 2 scrolls of blinking {unknown}
 A - 2 scrolls of random uselessness {unknown}
 C - 2 scrolls of magic mapping {unknown}
 E - 2 scrolls of remove curse {unknown}
 O - a scroll of torment {unknown}
 U - a scroll of noise {unknown}
Potions
 i - 5 potions of stabbing {unknown}
 k - a potion of resistance {unknown}
 m - 4 potions of curing {unknown}
 q - 6 potions of heal wounds {unknown}
 r - 3 potions of cancellation {unknown}
 u - 3 potions of mutation {unknown}
 x - 3 potions of degeneration {unknown}
 B - a potion of haste {unknown}
 D - a potion of flight {unknown}
 F - a potion of invisibility {unknown}
 I - a potion of ambrosia {unknown}
 V - a potion of brilliance {unknown}
Comestibles
 c - 14 rations


   Skills:
 + Level 9.4 Fighting
 + Level 14.0 Axes
 + Level 10.3 Armour
 + Level 3.1 Dodging
 + Level 3.0 Stealth


You had 9 spell levels left.
You didn't know any spells.
Your spell library was empty.

Dungeon Overview and Level Annotations

Branches:
Dungeon (10/15)            Temple (0/1) D:4            Lair (0/6) D:10
    Orc: D:9-12

Altars:
Cheibriados
Fedhas
Gozag
Kikubaaqudgha
Makhleb
Nemelex Xobeh
Ru
Sif Muna
Uskayaw
Yredelemnul
Zin


Innate Abilities, Weirdness & Mutations

You reflexively headbutt those who attack you in melee.
You have a pair of horns on your head.


Message History

* * * LOW HITPOINT WARNING * * *
The sky beast flickers out of sight!
Deactivating autopickup; reactivate with Ctrl-A.
Something hits you but does no damage.
The orc warrior throws a boomerang.
The boomerang hits you.
* * * LOW HITPOINT WARNING * * *
The weapon returns to the orc warrior!
You slash the orc priest!
You kill the orc priest!
Trog accepts your kill.
You closely miss something. Something hits you but does no damage.
Unknown command.
The orc warrior hits you with a +0 short sword!
* * * LOW HITPOINT WARNING * * *
Unknown command.
You slash the orc warrior! Your headbutt misses the orc warrior.
The orc warrior is moderately wounded.
You hit something but do no damage. Something hits you but does no damage.
The orc warrior hits you with a +0 short sword!
You die...

........................
.......[.......#.#......
........................
.....##......#.#.#......
.....##.........#%......
......#....#.#.#.#......
......#....†)..†........
.......#.#..).†).#....#
...........))..)@...###
.......#.#.....#o#..#
................#...#
.....#.#.#...#.#.#..#
........#.....#.....#
...#.#.#.#.#.# #.#..#
.#..... ..... .. ##
.###. ##


You could see an orc warrior.

Vanquished Creatures
  The ghost of grovkorv the Cudgeler, a novice TrAr of Wu Jian (D:6)
  Pikel (D:8)
  Maurice (D:8)
  Psyche (D:8)
  Maggie (D:8)
  A troll (D:10)
  A merfolk (D:10)
  2 hippogriffs
  A human (D:10)
  A hungry ghost (D:8)
  2 water moccasins
  Duvessa (D:5)
  5 orc warriors
  2 sky beasts (D:7)
  2 slaves (D:8)
  2 ice beasts
  2 centaurs (D:10)
  5 ogres
  2 big kobolds
  2 bullfrogs
  4 scorpions
  Dowan (D:5)
  3 howler monkeys (D:10)
  7 crimson imps
  A bullfrog zombie (D:8)
  7 orc priests
  5 jellies
  4 hounds
  A bullfrog skeleton (D:4)
  A gnoll shaman (D:5)
  8 orc wizards
  Natasha (D:3)
  4 worker ants
  3 hound skeletons
  8 gnolls
  11 adders
  An ooze (D:1)
  An adder zombie (D:9)
  4 worms
  3 dart slugs
  6 leopard geckos
  33 orcs
  3 ball pythons
  9 bats
  A giant cockroach (D:6)
  8 goblins
  7 hobgoblins
  18 jackals
  4 quokkas
  5 frilled lizards
  13 kobolds
  A leopard gecko skeleton (D:4)
  A leopard gecko zombie (D:5)
  A quokka skeleton (D:4)
  9 rats
233 creatures vanquished.

Vanquished Creatures (collateral kills)
  A two-headed ogre (D:6)
  An ogre (D:6)
2 creatures vanquished.

Vanquished Creatures (others)
  A hound (D:10)
1 creature vanquished.

Grand Total: 236 creatures vanquished

Notes
Turn   | Place    | Note
-------+----------+-------------------------------------------
     0 | D:1      | Erymatos the Minotaur Berserker began the quest for the
                  | Orb.
     0 | D:1      | Reached XP level 1. HP: 19/19 MP: 0/0
   229 | D:1      | Reached skill level 4 in Axes
   267 | D:1      | Reached XP level 2. HP: 18/27 MP: 1/1
   682 | D:1      | Reached ** piety under Trog
   746 | D:1      | Reached XP level 3. HP: 33/33 MP: 2/2
  1170 | D:2      | Noticed a big kobold
  1177 | D:2      | Killed a big kobold
  1177 | D:2      | Reached skill level 5 in Axes
  1177 | D:2      | Reached XP level 4. HP: 41/41 MP: 3/3
  1399 | D:2      | Reached XP level 5. HP: 47/47 MP: 4/4
  1492 | D:2      | Reached *** piety under Trog
  1934 | D:3      | Found a snail-covered altar of Cheibriados.
  1942 | D:3      | Reached skill level 6 in Axes
  2006 | D:3      | Noticed a +0 hand axe
  2006 | D:3      | Noticed a +0 hand axe
  2022 | D:3      | Found a hide-covered altar of Uskayaw.
  2156 | D:3      | Found a sacrificial altar of Ru.
  2489 | D:3      | Noticed Natasha
  2491 | D:3      | Killed Natasha
  2491 | D:3      | Reached **** piety under Trog
  2491 | D:3      | Reached XP level 6. HP: 53/53 MP: 5/5
  2947 | D:4      | Found a sparkling altar of Nemelex Xobeh.
  3094 | D:4      | Reached skill level 5 in Fighting
  3097 | D:4      | Reached skill level 7 in Axes
  3295 | D:4      | Found a staircase to the Ecumenical Temple.
  3874 | D:4      | Reached skill level 1 in Stealth
  3874 | D:4      | Reached XP level 7. HP: 61/61 MP: 6/6
  3982 | D:4      | Found an ancient bone altar of Kikubaaqudgha.
  4021 | D:5      | Entered Level 5 of the Dungeon
  4021 | D:5      | Noticed Duvessa
  4021 | D:5      | Noticed Dowan
  4028 | D:5      | Killed Dowan
  4033 | D:5      | Killed Duvessa
  4033 | D:5      | Reached skill level 5 in Armour
  4339 | D:5      | Reached skill level 8 in Axes
  5096 | D:6      | Reached XP level 8. HP: 58/70 MP: 7/7
  5278 | D:6      | Noticed grovkorv's ghost (novice TrAr)
  5279 | D:6      | Identified the cursed +3 great mace of Might {protect,
                  | rElec Str+4 Dex-4}
  5279 | D:6      | Noticed a two-headed ogre
  5307 | D:6      | Reached skill level 9 in Axes
  5368 | D:6      | Found a transporter.
  5373 | D:6      | Found a transporter.
  5382 | D:6      | Killed a two-headed ogre
  5382 | D:6      | Reached skill level 10 in Axes
  5384 | D:6      | Killed grovkorv's ghost
  5384 | D:6      | Reached XP level 9. HP: 79/79 MP: 8/8
  5421 | D:6      | Reached skill level 11 in Axes
  5440 | D:6      | Found a shimmering blue altar of Sif Muna.
  5458 | D:6      | Found a basalt altar of Yredelemnul.
  5841 | D:7      | Got a slimy ring mail
  6719 | D:8      | Noticed Maggie
  6725 | D:8      | Killed Maggie
  6725 | D:8      | Reached skill level 12 in Axes
  6772 | D:8      | Noticed Psyche
  6776 | D:8      | Killed Psyche
  6852 | D:8      | Noticed Maurice
  6861 | D:8      | Killed Maurice
  6861 | D:8      | Reached XP level 10. HP: 88/88 MP: 9/9
  6866 | D:8      | Found a blossoming altar of Fedhas.
  7042 | D:8      | Noticed Pikel
  7050 | D:8      | Killed Pikel
  7050 | D:8      | Reached ***** piety under Trog
  7050 | D:8      | Reached skill level 13 in Axes
  7423 | D:8      | Identified the +3 ring mail of the Swamp {rN+} (You found
                  | it on level 7 of the Dungeon)
  7504 | D:9      | Found a glowing silver altar of Zin.
  7504 | D:9      | Found an opulent altar of Gozag.
  7607 | D:9      | Found a burning altar of Makhleb.
  7853 | D:10     | Entered Level 10 of the Dungeon
  7915 | D:10     | Received a gift from Trog
  8331 | D:10     | Reached skill level 10 in Armour
  8349 | D:10     | Reached skill level 14 in Axes
  8585 | D:10     | Found a staircase to the Lair.
  8635 | D:10     | Slain by an orc warrior

Illustrated notes

Levels and vault maps discovered:
D:1:      dpeg_arrival_rhombus, layout_loops_ring
D:2:      layout_rooms, first_ration, hangedman_abyss_or_decor_lesser_grid
D:3:      layout_loops_corners, hangedman_ru_absence, dancing_weapons_uskayaw,
          lemuel_round_altar, st_stairs_6, grunt_ministairs_8, uniq_natasha
D:4:      layout_layer_cave, minitemple, minmay_temple_entry_stoned_glass
D:5:      layout_layer_cave, minivault_11, uniq_duvessa
D:6:      layout_basic, lemuel_blue_sif_altar, nicolae_overflow_crystal_walls,
          gammafunk_ghost_smash
D:7:      layout_basic
D:8:      layout_basic, lemuel_round_altar, serial_rivers,
          chequers_serial_rivers_micro_b, chequers_serial_rivers_large_a,
          chequers_serial_rivers_small_a, chequers_serial_rivers_small_b,
          chequers_serial_rivers_marsh, uniq_psyche, uniq_maggie, uniq_maurice,
          uniq_pikel
D:9:      layout_rooms, grunt_temple_overflow_gold_and_silver, kennysheep_mini
D:10:     layout_cross, dpeg_oklobed_lair, hangedman_stone_soup,
          hangedman_decor_riveting

Skill      XL: |  1  2  3  4  5  6  7  8  9 10 |
---------------+-------------------------------+-----
Axes           | 4 5 6 7 8 10 12 14 | 14.0
Fighting       | 4 5 7 8 9 |  9.4
Armour         | 3 4 6 7 9 10 | 10.3
Stealth        | 1 2 3 |  3.0
Dodging        | 3 |  3.1

Action                   |  1- 3 |  4- 6 |  7- 9 | 10-12 || total
-------------------------+-------+-------+-------+-------++-------
Melee: Hand axe          |    77 |   106 |       |   104 ||   287
       Headbutt          |    10 |    22 |    45 |    45 ||   122
       War axe           |       |    24 |   140 |    27 ||   191
Invok: Berserk           |     2 |       |     3 |     4 ||     9
       Brothers in Arms  |       |       |     1 |       ||     1
  Eat: Chunk             |     2 |     8 |     9 |    11 ||    30
       Ration            |       |       |     1 |       ||     1
Armor: Chain mail        |    49 |    81 |    28 |       ||   158
       Plate armour      |       |       |    37 |    73 ||   110
Dodge: Dodged            |    35 |    73 |    57 |    56 ||   221
